 Dungeon Crawl Stone Soup version 0.30-a0-782-ge64f9170bb (webtiles) character file.

Game seed: 8624224109665703568

7677 Dirian the Carver (level 10, -1/91 HPs)
             Began as a Minotaur Fighter on Mar 10, 2023.
             Was a Believer of Makhleb.
             Slain by a komodo dragon (22 damage)
             ... on level 10 of the Dungeon.
             The game lasted 00:14:28 (6970 turns).

Dirian the Carver (Minotaur Fighter)                Turns: 6970, Time: 00:14:29

Health: -1/91      AC: 18    Str: 22    XL:     10   Next: 99%
Magic:  12/12      EV:  8    Int:  5    God:    Makhleb [**....]
Gold:   345        SH: 11    Dex: 13    Spells: 9/9 levels left

rFire   . . .      SeeInvis .    b - +4 scimitar
rCold   . . .      Faith    .    c - +0 buckler
rNeg    . . .      Spirit   .    p - +0 chain mail
rPois   .          Reflect  +    (helmet restricted)
rElec   .          Harm     .    y - +2 cloak
rCorr   +          Rampage  .    (no gloves)
Will    .....                    j - +2 pair of boots Stlth
                                 o - amulet of reflection
HPRegen 0.35/turn                e - ring of resist corrosion
MPRegen 0.13/turn                (no ring)

@: weakened, spiked
A: horns 2, retaliatory headbutt
a: Renounce Religion, Minor Destruction


You were on level 10 of the Dungeon.
You worshipped Makhleb.
Makhleb was pleased with you.
You visited 2 branches of the dungeon, and saw 11 of its levels.

You collected 1248 gold pieces.
You spent 903 gold pieces at shops.

Inventory:

Hand Weapons
 a - the +9 long sword "Qijops" {flame, rElec Dex+6 SInv}
   (You bought it in a shop on level 1 of the Dungeon)

   Dex:       It affects your dexterity (+6).
   rElec:     It insulates you from electricity.
   SInv:      It lets you see invisible.
 b - a +4 scimitar (weapon)
Armour
 c - a +0 buckler (worn)
 j - a +2 pair of boots (worn)
 m - a +0 plate armour
 p - a +0 chain mail (worn)
 y - a +2 cloak (worn)
Jewellery
 e - a ring of resist corrosion (left hand)
 o - an amulet of reflection (around neck)
Wands
 g - a wand of acid (2)
 l - a wand of mindburst (39)
 n - a wand of paralysis (5)
 A - a wand of flame (14)
Scrolls
 f - a scroll of enchant armour
 h - 3 scrolls of immolation
 i - 2 scrolls of poison
 r - 4 scrolls of identify
 t - 5 scrolls of teleportation
 v - a scroll of magic mapping
 z - a scroll of vulnerability
 B - a scroll of silence
Potions
 d - 3 potions of brilliance
 k - 2 potions of mutation
 q - 7 potions of curing
 s - 2 potions of ambrosia
 u - a potion of invisibility
 w - 2 potions of heal wounds


   Skills:
 + Level 9.2 Fighting
 + Level 11.4 Long Blades
 - Level 2.8 Axes
 + Level 10.4 Armour
 + Level 9.9 Shields
 * Level 4.1 Invocations


You had 9 spell levels left.
You didn't know any spells.
Your spell library contained the following spells:

 Spells                   Type           Power      Damage    Failure   Level
 Sandblast                Erth           0%         2d4       98%         1
 Passwall                 Tmut/Erth      0%         N/A       99%         2
 Ignite Poison            Fire/Tmut/Pois 0%         N/A       100%        3
 Kindle Blastsparks       Fire/Tloc/Air  0%         2d10      100%        3
 Stone Arrow              Conj/Erth      0%         3d7       100%        3
 Animate Dead             Necr           0%         N/A       100%        4
 Freezing Cloud           Conj/Ice/Air   0%         6-21      100%        5
 Haunt                    Necr/Summ      0%         N/A       100%        7
 Infestation              Necr           0%         N/A       100%        8


Dungeon Overview and Level Annotations

Branches:
Dungeon (10/15) Zot: 26891  Temple (1/1) D:6 Zot: 5934    Lair (0/5) D:10
    Orc: D:9-12

Altars:
Ashenzari
Cheibriados
Dithmenos
Elyvilon
Fedhas
Gozag
Hepliaklqana
Kikubaaqudgha
Makhleb
Nemelex Xobeh
Okawaru
Qazlal
Ru
Sif Muna
Trog
Uskayaw
Vehumet
Wu Jian
Xom
Yredelemnul
Zin
The Shining One

Shops:
D:1 (


Innate Abilities, Weirdness & Mutations

You have a pair of horns on your head.
You reflexively headbutt those who attack you in melee.


Message History

You feel very sick.
The kobold demonologist looks satisfied for a moment.
The red devil hits you but does no damage.
You block the orange demon's attack. x2
You feel better.
The red devil hits you from afar with a +0 trident!
* * * LOW HITPOINT WARNING * * *
Barbed spikes become lodged in your body.
The orange demon stings you but does no damage.
The orange demon hits you but does no damage.
You slash the orange demon!
The orange demon is almost dead.
You hear an angry hiss.
You block the red devil's attack. The orange demon stings you.
* * * LOW HITPOINT WARNING * * *
You are poisoned.
The orange demon poisons you! You block the orange demon's attack.
A komodo dragon comes into view.
The komodo dragon hisses angrily.
You hit the orange demon.
You headbutt the orange demon, but do no damage.
The orange demon is almost dead.
* * * LOW HITPOINT WARNING * * *
You feel very sick.
The red devil hits you from afar with a +0 trident.
* * * LOW HITPOINT WARNING * * *
Barbed spikes become lodged in your body.
The orange demon barely misses you. You furiously retaliate!
You headbutt the orange demon. You block the orange demon's attack.
You hit the orange demon.
You kill the orange demon!
The orange demon disappears in a puff of smoke!
* * * LOW HITPOINT WARNING * * *
You feel very sick.
The kobold demonologist mumbles some strange words.
The red devil barely misses you.
You feel better.
The white imp disappears in a puff of smoke!
The komodo dragon bites you!!
You die...

#.#[# ## #.#.# .
#.#.# ###. #...#
..#.##...# #+
#.#..#...# .5
#.#......#
###ยง###.#.##...#
+5.Kl@'(+..#...#
###4###.#......####
#.5...#.#.#.......#
#.#+###'#.#.........#
#.........#.#.......#
#####'#####.##.######
#...........##.#
#......#######.#
#..##### #.#


You could see a komodo dragon, a kobold demonologist, a red devil (summoned), an
iron imp (summoned) and a shadow imp (summoned).

Vanquished Creatures
  Pikel (D:6)
  A cyclops (D:10)
  Maurice (D:8)
  Joseph (D:8)
  A komodo dragon (D:9)
  A troll (D:8)
  A hornet (D:9)
  A wraith (D:9)
  5 yaks (D:9)
  3 wyverns
  A steam dragon (D:7)
  2 water moccasins
  2 black bears
  4 orc warriors
  2 ice beasts
  2 ogres
  2 centaurs (D:9)
  2 lemures (D:6)
  3 phantoms (D:6)
  3 kobold brigands
  5 bullfrogs
  A necrophage (D:8)
  A gnoll sergeant (D:9)
  12 wights
  7 howler monkeys
  4 orc priests
  4 hounds
  9 jellies
  3 iguanas
  Natasha (thrice) (D:4)
  7 orc wizards
  Robin (D:4)
  7 gnolls
  11 adders
  A shadow imp (D:5)
  3 white imps
  2 worms
  4 dart slugs
  14 orcs
  5 bats
  3 endoplasms
  5 giant cockroaches
  18 goblins
  9 hobgoblins
  2 jackals (D:1)
  21 kobolds
  A quokka (D:1)
  7 ball pythons
  11 frilled lizards
  2 rats (D:3)
222 creatures vanquished.

Vanquished Creatures (others)
  5 plants (D:9)
5 creatures vanquished.

Grand Total: 227 creatures vanquished

Notes
Turn   | Place    | Note
-------+----------+-------------------------------------------
     0 | D:1      | Dirian the Minotaur Fighter began the quest for the Orb.
     0 | D:1      | Reached XP level 1. HP: 19/19 MP: 0/0
   187 | D:1      | Reached XP level 2. HP: 27/27 MP: 1/1
   434 | D:1      | Found Vaaj's Weapon Boutique.
   478 | D:1      | Reached XP level 3. HP: 31/33 MP: 2/2
   615 | D:1      | Identified a scroll of acquirement
   615 | D:1      | Acquired 642 gold pieces
   886 | D:2      | Found an opulent altar of Gozag.
   974 | D:2      | Reached skill level 1 in Long Blades
  1054 | D:2      | Reached XP level 4. HP: 41/41 MP: 3/3
  1365 | D:3      | Found a blossoming altar of Fedhas.
  1472 | D:3      | Reached skill level 2 in Long Blades
  1472 | D:3      | Reached skill level 5 in Armour
  1472 | D:3      | Reached XP level 5. HP: 33/47 MP: 4/4
  1771 | D:3      | Found a faded altar of an unknown god.
  2027 | D:4      | Reached skill level 5 in Fighting
  2027 | D:4      | Reached skill level 3 in Long Blades
  2027 | D:4      | Reached XP level 6. HP: 56/56 MP: 5/5
  2068 | D:4      | Noticed Robin
  2078 | D:4      | Killed Robin
  2348 | D:4      | Noticed Natasha
  2352 | D:4      | Killed Natasha
  2410 | D:4      | Noticed Natasha
  2415 | D:4      | Killed Natasha
  2621 | D:4      | Noticed Natasha
  2628 | D:4      | Killed Natasha
  2648 | D:5      | Entered Level 5 of the Dungeon
  2690 | D:5      | Found a white marble altar of Elyvilon.
  2718 | D:5      | Reached skill level 5 in Shields
  2718 | D:5      | Reached XP level 7. HP: 43/62 MP: 6/6
  2850 | D:5      | Reached skill level 4 in Long Blades
  3215 | D:5      | Noticed a wyvern
  3235 | D:5      | Killed a wyvern
  3507 | D:5      | Found a glowing silver altar of Zin.
  3753 | D:1      | Bought the +9 long sword "Qijops" {flame, rElec Dex+6 SInv}
                  | for 903 gold pieces
  3882 | D:6      | Found a staircase to the Ecumenical Temple.
  3887 | D:6      | Reached XP level 8. HP: 71/71 MP: 7/7
  3903 | D:6      | Reached skill level 5 in Long Blades
  3916 | Temple   | Entered the Ecumenical Temple
  3961 | Temple   | Became a worshipper of Makhleb the Destroyer
  4250 | D:6      | Noticed Pikel
  4261 | D:6      | Killed Pikel
  4262 | D:6      | Reached skill level 6 in Long Blades
  4272 | D:6      | Reached XP level 9. HP: 73/79 MP: 8/8
  4349 | D:6      | Identified the +11 spear of Wairph {freeze, rC+ Str+2}
  4577 | D:6      | Reached skill level 7 in Long Blades
  4830 | D:7      | Reached skill level 8 in Long Blades
  4850 | D:7      | Reached * piety under Makhleb
  5077 | D:7      | Reached skill level 9 in Long Blades
  5201 | D:7      | Identified the +10 spear of the Supporting Weasel {freeze,
                  | Dex+3}
  5684 | D:8      | Noticed Maurice
  5689 | D:8      | Noticed a troll
  5693 | D:8      | Killed a troll
  5694 | D:8      | Reached skill level 1 in Invocations
  5694 | D:8      | Reached XP level 10. HP: 75/90 MP: 9/9
  5696 | D:8      | Killed Maurice
  5697 | D:8      | Reached skill level 10 in Long Blades
  5761 | D:8      | Noticed Joseph
  5768 | D:8      | Killed Joseph
  6206 | D:9      | Reached ** piety under Makhleb
  6259 | D:9      | Reached skill level 10 in Armour
  6455 | D:9      | Reached skill level 11 in Long Blades
  6860 | D:10     | Entered Level 10 of the Dungeon
  6860 | D:10     | Found a staircase to the Lair.
  6909 | D:10     | Noticed a cyclops
  6917 | D:10     | Killed a cyclops
  6950 | D:10     | Noticed an orange demon
  6970 | D:10     | Slain by a komodo dragon

Illustrated notes

Levels and vault maps discovered:
D:1:      dpeg_arrival_pits, layout_basic, serial_shops,
          nicolae_shop_statue_plus, minmay_strange_pillars
D:2:      layout_basic, basic_altar
D:3:      layout_loops_ring, fedhas_altar_2, ebering_ecumenical_altar_mist
D:4:      layout_cave_pools, minivault_23, solitary_fountain, uniq_robin,
          uniq_natasha
D:5:      kb_forest_paths, layout_basic, elyvilon_altar_3, zin_statuary
D:6:      layout_basic, minmay_temple_entry_stoned_glass, uniq_pikel
D:7:      layout_cave_pods
D:8:      layout_rooms, grunt_decor_mini_mirrors, uniq_maurice, uniq_joseph
D:9:      layout_roguey, minmay_lizard_king
D:10:     minmay_the_grid_net [minmay_the_grid_doors, minmay_the_grid_tiny_cups,
          minmay_the_grid_garden, minmay_the_grid_spin_star,
          minmay_the_grid_paths, minmay_the_grid_prize_shrinking_boxes],
          layout_rooms, serial_shops, nicolae_diamond_shop, eino_jars
Temple:   hellmonk_temple_of_storms

Skill      XL: |  1  2  3  4  5  6  7  8  9 10 |
---------------+-------------------------------+-----
Armour         | 4 5 6 7 8 9 10 | 10.4
Fighting       | 4 5 6 7 8 9 |  9.2
Shields        | 4 5 7 8 9 |  9.9
Long Blades    | 1 2 3 4 6 9 11 | 11.4
Invocations    | 1 4 |  4.1
Axes           | |  2.8

Action                     |  1- 3 |  4- 6 |  7- 9 | 10-12 || total
---------------------------+-------+-------+-------+-------++-------
  Melee: War axe           |    87 |   123 |    53 |       ||   263
         Headbutt          |     6 |    15 |    33 |    28 ||    82
         Long sword        |       |       |   167 |   122 ||   289
         Scimitar          |       |       |       |    22 ||    22
    Use: Scroll            |     2 |     5 |     4 |     1 ||    12
         Potion            |       |     1 |    11 |     2 ||    14
   Stab: Distracted        |     1 |       |       |       ||     1
 Armour: Scale mail        |    44 |    63 |       |       ||   107
         Chain mail        |       |     7 |   118 |    60 ||   185
  Dodge: Dodged            |    47 |    49 |    58 |    43 ||   197
  Block: Buckler           |    22 |    42 |   155 |    86 ||   305
         Reflection        |       |     1 |     4 |    10 ||    15

Table legend: (Time is in decaauts)
 A = Elapsed time spent in this place.
 B = Non-inter-level travel time spent in this place.
 C = Inter-level travel time spent in this place.
 D = Time resting spent in this place.
 E = Time spent auto-exploring this place.
 F = Levels seen in this place.
 G = Mean time per level.
                   A        B        C        D        E       F      G
               +--------+--------+--------+--------+--------+-----+--------+
         Total |   7092 |   6580 |    512 |      0 |   5067 |  11 |  644.7 |
       Dungeon |   7026 |   6533 |    493 |      0 |   5067 |  10 |  702.6 |
        Temple |     65 |     46 |     19 |      0 |      0 |   1 |   65.0 |
               +--------+--------+--------+--------+--------+-----+--------+

Top non-repeatable levels by time:
     D:5: 1056 daAuts
     D:7: 912 daAuts
     D:9: 825 daAuts
     D:2: 782 daAuts
     D:3: 738 daAuts
     D:1: 725 daAuts
     D:4: 724 daAuts
     D:6: 676 daAuts
     D:8: 477 daAuts
    D:10: 107 daAuts
  Temple: 65 daAuts
